 Dungeon Crawl Stone Soup version 0.17-a0-2109-g117576f (webtiles) character file.

1995 radek the Infuser (level 9, -4/45 HPs)
             Began as a Deep Elf Conjurer on Oct 19, 2015.
             Shot with an arrow by a centaur (10 damage)
             ... on level 6 of the Dungeon.
             The game lasted 00:48:17 (8416 turns).

radek the Infuser (Deep Elf Conjurer)               Turns: 8416, Time: 00:48:21

Health: -4/45      AC:  6    Str:  6    XL:     9   Next: 1%
Magic:  12/19      EV: 13    Int: 23    God:
Gold:   365        SH:  0    Dex: 15    Spells: 2 memorised, 13 levels left

rFire  + . .     SeeInvis .     s - +1 dagger (venom)
rCold  x . .     Clarity  .     a - +0 robe
rNeg   . . .     SustAt   .     (no shield)
rPois  .         Gourm    .     u - +0 helmet
rElec  .         Spirit   .     m - +0 cloak
rCorr  .         Warding  .     A - +0 pair of gloves
rMut   .         Stasis   .     x - +0 pair of boots
MR     .....                    (no amulet)
Stlth  ++........               (no ring)
                                l - ring of fire

@: not resistant to hostile enchantments, unstealthy
A: no striking features
a: no special abilities


You were on level 6 of the Dungeon.
You were not hungry.

You visited 1 branch of the dungeon, and saw 6 of its levels.
You also visited: Sewer.

You collected 365 gold pieces.

Inventory:

Hand Weapons
 s - a +1 dagger of venom (weapon)
 v - a +2 dagger of venom
Missiles
 i - 5 javelins (quivered)
Armour
 a - a +0 robe (worn)
 m - a +0 cloak (worn)
 u - a +0 helmet (worn)
 x - a +0 pair of boots (worn)
 A - a +0 pair of gloves (worn)
 H - a +0 robe
Magical Staves
 D - an uncursed staff of death {unknown}
Jewellery
 l - a ring of fire (left hand)
 q - an uncursed ring of flight {unknown}
Wands
 C - a wand of slowing (15)
 F - a wand of paralysis (16)
Scrolls
 c - a scroll of fog {unknown}
 d - 7 scrolls of teleportation {unknown}
 f - a scroll of random uselessness {unknown}
 j - 2 scrolls of enchant armour {unknown}
 o - 7 scrolls of identify {unknown}
 r - 2 scrolls of magic mapping {unknown}
 t - a scroll of remove curse {unknown}
 w - 4 scrolls of blinking {unknown}
 y - 2 scrolls of enchant weapon {unknown}
 G - a scroll of acquirement {unknown}
Potions
 e - 2 potions of haste {unknown}
 h - a potion of cure mutation {unknown}
 k - a potion of heal wounds {unknown}
 n - 2 potions of invisibility {unknown}
 p - 2 potions of poison {unknown}
 B - a potion of lignification {unknown}
 I - a potion of berserk rage {unknown}
Books
 b - a book of Conjurations

   Spells                             Type                      Level
   a - Magic Dart                     Conjuration                  1
   b - Searing Ray                    Conjuration                  2
   c - Dazzling Spray                 Conjuration/Hexes            3
   d - Fulminant Prism                Conjuration/Hexes            4
   e - Iskenderun's Mystic Blast      Conjuration                  4
   f - Iskenderun's Battlesphere      Conjuration/Charms           5
 z - a book of Dreams

   Spells                             Type                      Level
   a - Ensorcelled Hibernation        Hexes/Ice                    2
   b - Phase Shift                    Translocation                5
   c - Shadow Creatures               Summoning                    5
   d - Silence                        Hexes/Air                    5
   e - Darkness                       Hexes                        6
   f - Mass Confusion                 Hexes                        6
 E - a book of Unlife

   Spells                             Type                      Level
   a - Recall                         Summoning/Translocation      3
   b - Animate Dead                   Necromancy                   4
   c - Control Undead                 Necromancy                   4
   d - Cigotuvi's Embrace             Necromancy                   5
   e - Death Channel                  Necromancy                   6
   f - Simulacrum                     Ice/Necromancy               6
Comestibles
 g - 3 fruits
 J - 8 chunks of flesh


   Skills:
 + Level 0.2 Fighting
 + Level 3.2 Dodging
 - Level 2.4 Stealth
 * Level 5.9 Spellcasting
 + Level 8.4 Conjurations
 + Level 12.0 Charms


You had 13 spell levels left.
You knew the following spells:

 Your Spells              Type           Power        Failure   Level  Hunger
a - Magic Dart            Conj           ####         1%          1    None
b - Iskenderun's Battles  Conj/Chrm      ######..     4%          5    #####..


Dungeon Overview and Level Annotations

Branches:
Dungeon (6/15)
 Temple: D:4-7

Altars:
Fedhas
Gozag
Okawaru
Ru


Message History

The magic dart hits the centaur.
The centaur is lightly wounded.
The centaur shoots an arrow.
The arrow hits you!
* * * LOW HITPOINT WARNING * * *
Drink which item? (? for menu, Esc to quit)
Okay, then.
There is an open door here.
You swap places.
Casting: Magic Dart
Confirm with . or Enter, or press ? or * to list all spells.
Aiming: Magic Dart
Press: ? - help, Shift-Dir - straight line, f/p - centaur
Aim: a centaur, wielding a shortbow (lightly wounded)
The magic dart hits the centaur.
The centaur is moderately wounded.
Your battlesphere fires!
The barrage of energy hits the centaur.
The centaur is almost dead.
The centaur shoots an arrow.
The arrow hits you!
You die...

#....# #...#..#..##...
+....# +...#..#..##...
#....+ #...#..'.......
#....#+##...#..#.......
#.....c.....#..#..##...
+...........#..#..##...
#..c........#..#..+...(
#...(##+#...##+##.#...>
#....'@.+...#..##.####'
#....#*##...#.....##...
#....#..#...'..........
#.(..#..'...#..##.##...
#....+..#...##+##.##...
#....#..#...'......+...
#....#..#...#..##+##...
#....#+##...#..##.##...
+...#..'..+....


You could see a centaur.

Vanquished Creatures
  The ghost of mcbry74 the Thaumaturge, a novice DEWz (D:4)
  Duvessa (D:4)
  An ice beast (D:5)
  A centaur (D:6)
  A phantom (D:4)
  2 ogres
  A crocodile (Sewer)
  A giant frog (D:3)
  Dowan (D:4)
  A scorpion (D:5)
  A crimson imp (D:5)
  4 hounds
  A quasit (D:5)
  A centaur zombie (D:5)
  2 jellies (D:4)
  3 iguanas
  A centaur skeleton (D:4)
  An orc priest (D:4)
  4 worker ants
  3 orc wizards
  A worker ant zombie (D:5)
  Robin (D:3)
  7 gnolls
  16 adders
  A shadow imp (D:5)
  An ooze (D:3)
  An adder zombie (D:5)
  An adder skeleton (D:3)
  3 worms
  5 giant geckos
  14 orcs
  7 giant cockroaches
  17 goblins
  7 hobgoblins
  11 jackals
  A quokka (D:4)
  2 ball pythons
  11 bats
  A giant gecko skeleton (D:6)
  5 giant newts
  6 kobolds
  A quokka skeleton (D:4)
  9 rats
161 creatures vanquished.

Notes
Turn   | Place    | Note
--------------------------------------------------------------
     0 | D:1      | radek the Deep Elf Conjurer began the quest for the Orb.
     0 | D:1      | Reached XP level 1. HP: 10/10 MP: 6/6
   293 | D:1      | Reached XP level 2. HP: 15/15 MP: 6/8
   346 | D:1      | Reached skill level 5 in Conjurations
   613 | D:2      | Found a sacrificial altar of Ru.
   861 | D:2      | Reached XP level 3. HP: 19/19 MP: 5/9
  1580 | D:3      | Reached skill level 6 in Conjurations
  1590 | D:3      | Reached XP level 4. HP: 21/24 MP: 1/10
  1826 | D:3      | Noticed Robin
  1904 | D:3      | Killed Robin
  2098 | D:3      | Noticed a giant frog
  2102 | D:3      | Killed a giant frog
  2102 | D:3      | Reached skill level 7 in Conjurations
  2102 | D:3      | Reached XP level 5. HP: 28/28 MP: 6/11
  2109 | D:3      | Learned a level 5 spell: Iskenderun's Battlesphere
  2201 | D:3      | Found an iron altar of Okawaru.
  2205 | D:3      | Reached skill level 1 in Charms
  2418 | D:3      | Found a blossoming altar of Fedhas.
  3099 | D:4      | Noticed Duvessa
  3257 | D:4      | Noticed a phantom
  3293 | D:4      | Killed a phantom
  3293 | D:4      | Reached skill level 5 in Charms
  3293 | D:4      | Reached XP level 6. HP: 32/32 MP: 0/12
  3413 | D:5      | Entered Level 5 of the Dungeon
  3461 | D:4      | Noticed Dowan
  3746 | D:4      | Killed Duvessa
  3746 | D:4      | Reached XP level 7. HP: 24/36 MP: 5/13
  3865 | D:4      | Killed Dowan
  4169 | D:4      | Reached skill level 8 in Charms
  4305 | D:4      | Noticed mcbry74's ghost (novice DEWz)
  4369 | D:4      | Killed mcbry74's ghost
  4369 | D:4      | Reached skill level 10 in Charms
  5016 | D:4      | Reached XP level 8. HP: 31/41 MP: 5/14
  5548 | D:5      | Reached skill level 11 in Charms
  7494 | D:6      | Found an opulent altar of Gozag.
  7499 | D:6      | Reached skill level 5 in Spellcasting
  7499 | D:6      | Reached skill level 12 in Charms
  7727 | D:6      | Found a glowing drain.
  7839 | Sewer    | Entered a sewer
  8232 | D:6      | Reached XP level 9. HP: 43/45 MP: 5/19
  8416 | D:6      | Shot with an arrow by a centaur

Vault maps used:
D:1:      dpeg_arrival_tiny_d, minmay_misc_feat_iff
D:2:      nicolae_ru_awakened_eye
D:3:      okawaru_trees_1, fedhas_altar_fruit_tree, uniq_robin
D:4:      kennysheep_generic_room_13, uniq_duvessa
D:5:      first_bread
D:6:      led_sif_book, gup_sewer_entry_glass, eino_tiny_chamber,
          nicolae_gozag_seed_capital
Sewer:    sewer_big_baddie

Action                   |  1- 3 |  4- 6 |  7- 9 || total
-------------------------+-------+-------+-------++-------
Melee: Dagger            |       |     3 |     7 ||    10
 Cast: Magic Dart        |    63 |   125 |   214 ||   402
       Iskenderun's Batt |       |     4 |    21 ||    25
  Eat: Chunk             |     2 |     2 |     6 ||    10
       Meat ration       |       |     2 |       ||     2
       Fruit             |       |       |     3 ||     3
       Bread ration      |       |       |     2 ||     2
